 Dungeon Crawl Stone Soup version 0.18-a0-674-g00855b9 (webtiles) character file.

7245 xeno23 the Martial Artist (level 11, -1/80 HPs)
             Began as a Human Monk on Dec 6, 2015.
             Was a Believer of Ru.
             Slain by Erolcha
             ... wielding a +4 giant spiked club
              (14 damage)
             ... while paralysed by Erolcha
             ... on level 10 of the Dungeon.
             The game lasted 00:54:47 (9759 turns).

xeno23 the Martial Artist (Human Monk)              Turns: 9759, Time: 00:54:47

Health: -1/80      AC:  5    Str: 14    XL:     11   Next: 33%
Magic:  0/20       EV:  2    Int: 17    God:    Ru [**....]
Gold:   382        SH:  0    Dex: 16    Spells: 0 memorised, 10 levels left

rFire  + . .     SeeInvis .       - Unarmed
rCold  + . .     Clarity  +     F - +2 robe {rC+ rF+}
rNeg   . . .     SustAt   .     (no shield)
rPois  .         Gourm    .     (no helmet)
rElec  .         Spirit   +     (no cloak)
rCorr  .         Dismiss  .     (no gloves)
rMut   .         Stasis   .     a - +1 pair of boots {Stlth+}
MR     .....                    t - amulet of guardian spirit
Stlth  +++.......               R - +6 ring of intelligence
                                v - ring of magical power

@: paralysed, not resistant to hostile enchantments, fairly stealthy
A: breathe flames 1, clarity, deformed body, frail 1, mutation resistance 1,
magic vulnerability 2
a: Renounce Religion, Breathe Fire


You were on level 10 of the Dungeon.
You worshipped Ru.
Ru was pleased with you.
You were hungry.

You visited 2 branches of the dungeon, and saw 11 of its levels.

You collected 406 gold pieces.
You spent 24 gold pieces at shops.

Inventory:

Hand Weapons
 q - a +0 blowgun
 T - a +3 hand axe of flaming
Missiles
 d - 305 stones (quivered)
 x - 25 poisoned needles
 W - 25 sling bullets
Armour
 a - a +1 pair of boots of stealth (worn)
 h - a +0 ring mail
 F - a +2 robe of resistance (worn)
 G - a +0 shield
 S - a +3 scale mail
Jewellery
 t - an amulet of guardian spirit (around neck)
 v - a ring of magical power (left hand)
 A - an uncursed ring of sustain attributes
 D - the amulet of the Yeti {Gourm rC++}
   (You found it on level 4 of the Dungeon)

   [amulet of the gourmand]

   It allows you to eat raw meat even when not hungry.
   It greatly protects you from cold.
 R - a +6 ring of intelligence (right hand)
Wands
 M - a wand of confusion (27)
 P - a wand of digging (14)
 Q - a wand of slowing (11)
 U - a wand of fireball (1)
Scrolls
 c - 3 scrolls of fear {unknown}
 e - 6 scrolls of remove curse
 f - a scroll of enchant weapon {unknown}
 g - 2 scrolls of enchant armour {unknown}
 i - 3 scrolls of blinking {unknown}
 l - 2 scrolls of identify
 n - 2 scrolls of random uselessness {unknown}
 p - a scroll of magic mapping {unknown}
 r - 2 scrolls of recharging {unknown}
 y - a scroll of noise {unknown}
 B - 5 scrolls of teleportation
 I - a scroll of amnesia {unknown}
Potions
 j - a potion of lignification {unknown}
 m - a potion of cancellation {unknown}
 o - 2 potions of might {unknown}
 s - 3 potions of haste
 u - a potion of heal wounds
 C - 2 potions of curing
 E - 3 potions of flight
 H - a potion of invisibility {unknown}
 J - a potion of agility
 K - a potion of brilliance {unknown}
 L - a potion of degeneration {unknown}
 N - 3 potions of poison {unknown}
 O - 2 potions of berserk rage
Comestibles
 b - 4 bread rations
 k - a beef jerky
 w - 7 meat rations
 z - 7 slices of pizza
 V - 5 fruits


   Skills:
 + Level 9.0 Fighting
 + Level 8.9 Dodging
 - Level 2.0 Stealth
 * Level 12.3 Unarmed Combat


You had 10 spell levels left.
You didn't know any spells.

Dungeon Overview and Level Annotations

Branches:
Dungeon (10/15)            Temple (1/1) D:7
   Lair: D:8-11         Orc: D:9-12

Altars:
Ashenzari
Cheibriados
Dithmenos
Elyvilon
Fedhas
Gozag
Kikubaaqudgha
Makhleb
Nemelex Xobeh
Okawaru
Pakellas
Qazlal
Ru
Sif Muna
Trog
Vehumet
Xom
Yredelemnul
Zin
The Shining One

Shops:
D:7 *   D:8 %

Annotations:
D:10 Erolcha


Innate Abilities, Weirdness & Mutations

You are vulnerable to magic.
You can breathe flames.
You possess an exceptional clarity of mind.
Armour fits poorly on your strangely shaped body.
You are frail (-10% HP).
You are somewhat resistant to further mutation.


Message History

You hit Erolcha.
Erolcha is almost dead.
Erolcha casts a spell at you.
You struggle to resist.
You hit Erolcha but do no damage.
Erolcha is almost dead.
Erolcha casts a spell at you.
You feel momentarily confused.
The kobold hits Erolcha but does no damage.
Erolcha screams, "Eat!"
Erolcha points at you and mumbles some strange words.
You suddenly lose the ability to move!
Erolcha hits you but does no damage.
The kobold hits the kobold.
Erolcha hits you with an enchanted giant spiked club!
* * * LOW HITPOINT WARNING * * *
The kobold hits Erolcha but does no damage.
Erolcha gestures at you while chanting.
You shrug off the repeated paralysis!
Erolcha hits you with an enchanted giant spiked club!
You die...

...................#
.†.......#†........# .+
........##.........#
..#
........##........>##!#
........##....)†...#..#
........##..>.......>#
........##.........###
........##.........#
##<#############@###
#.# #O# #.# #K# ..# #K#
.##


{oK #+ oo. .). .(... You could see Erolcha, an orc warrior, 2 orcs and 3
kobolds.

Vanquished Creatures
  A hydra (D:9)
  Pikel (D:9)
  Joseph (D:9)
  2 yaks (D:9)
  A wyvern (D:8)
  A hungry ghost (D:8)
  2 water moccasins
  5 orc warriors
  Duvessa (D:7)
  A necrophage (D:7)
  An ice beast (D:9)
  A sky beast (D:7)
  2 ogres
  3 phantoms
  4 centaurs
  2 wasps
  6 giant frogs
  5 big kobolds
  Dowan (D:7)
  5 scorpions
  A gnoll sergeant (D:9)
  3 jellies (D:9)
  7 killer bees (D:8)
  A centaur zombie (D:7)
  5 wights
  4 crimson imps
  A giant frog zombie (D:5)
  A wasp zombie (D:7)
  5 orc priests
  3 giant frog skeletons
  Ijyb (D:2)
  4 hounds
  A centaur skeleton (D:7)
  3 iguanas
  7 orc wizards
  A statue (D:9)
  5 worker ants
  2 sheep (D:9)
  2 hound skeletons
  A worker ant zombie (D:5)
  11 gnolls
  A shadow imp (D:10)
  12 adders
  2 oozes
  An adder skeleton (D:6)
  An adder zombie (D:6)
  4 worms
  9 giant geckos
  32 orcs
  3 ball pythons
  6 bats
  7 giant cockroaches
  6 goblins
  13 hobgoblins
  16 kobolds
  7 quokkas
  A giant gecko zombie (D:7)
  7 giant newts
  A jackal skeleton (D:4)
  8 rats
252 creatures vanquished.

Vanquished Creatures (others)
  A centaur (D:9)
1 creature vanquished.

Grand Total: 253 creatures vanquished

Notes
Turn   | Place    | Note
--------------------------------------------------------------
     0 | D:1      | xeno23 the Human Monk began the quest for the Orb.
     0 | D:1      | Reached XP level 1. HP: 18/18 MP: 1/1
   440 | D:1      | Reached XP level 2. HP: 22/24 MP: 2/2
   958 | D:1      | Reached XP level 3. HP: 21/29 MP: 3/3
  1508 | D:2      | Noticed Ijyb
  1789 | D:2      | Found a burning altar of Makhleb.
  2061 | D:2      | Reached XP level 4. HP: 28/35 MP: 2/4
  2159 | D:2      | Killed Ijyb
  2159 | D:2      | Reached skill level 5 in Unarmed Combat
  2393 | D:2      | Found a deep blue altar of Sif Muna.
  2545 | D:3      | Reached XP level 5. HP: 35/42 MP: 5/5
  2604 | D:3      | Found a shadowy altar of Dithmenos.
  3264 | D:4      | Got a smoking ruby amulet
  3273 | D:4      | Identified the amulet of the Yeti {Gourm rC++} (You found it on level 4 of the Dungeon)
  3279 | D:4      | Noticed an ogre
  3356 | D:4      | Found a stormy altar of Qazlal.
  3373 | D:4      | Killed an ogre
  3373 | D:4      | Reached skill level 6 in Unarmed Combat
  3373 | D:4      | Reached XP level 6. HP: 47/49 MP: 6/6
  3575 | D:4      | Found a basalt altar of Yredelemnul.
  3588 | D:4      | Reached XP level 7. HP: 55/55 MP: 7/7
  3768 | D:4      | Found a snail-covered altar of Cheibriados.
  3881 | D:5      | Entered Level 5 of the Dungeon
  3889 | D:5      | Reached skill level 5 in Fighting
  3889 | D:5      | Reached skill level 7 in Unarmed Combat
  3998 | D:5      | Reached XP level 8. HP: 50/62 MP: 8/8
  4074 | D:5      | Reached skill level 5 in Dodging
  4927 | D:6      | Found a shimmering altar of Xom.
  5082 | D:6      | Reached skill level 8 in Unarmed Combat
  5407 | D:6      | Reached XP level 9. HP: 26/69 MP: 9/9
  5586 | D:7      | Noticed Dowan
  5591 | D:7      | Found an oddly glowing altar of Pakellas.
  5623 | D:7      | Found Ikij's General Store.
  5645 | D:7      | Reached skill level 9 in Unarmed Combat
  5678 | D:7      | Bought a scroll of identify for 24 gold pieces
  5679 | D:7      | Gained mutation: You are frail (-10% HP). [potion of mutation]
  5679 | D:7      | Gained mutation: You can breathe flames. [potion of mutation]
  5679 | D:7      | Gained mutation: Armour fits poorly on your strangely shaped body. [potion of mutation]
  5680 | D:7      | Gained mutation: You are somewhat resistant to further mutation. [potion of mutation]
  5680 | D:7      | Gained mutation: You possess an exceptional clarity of mind. [potion of mutation]
  5763 | D:7      | Found a staircase to the Ecumenical Temple.
  5791 | Temple   | Entered the Ecumenical Temple
  5957 | Temple   | Became a worshipper of Ru the Awakened
  5967 | Temple   | Gained mutation: You are slightly vulnerable to magic. [Ru sacrifice]
  5967 | Temple   | Reached * piety under Ru
  6154 | D:7      | Found an ancient bone altar of Kikubaaqudgha.
  6154 | D:7      | Found an opulent altar of Gozag.
  6362 | D:7      | Noticed Duvessa
  6374 | D:7      | Killed Duvessa
  6383 | D:7      | Killed Dowan
  6481 | D:8      | Found Foah's Food Shop.
  6920 | D:8      | Reached skill level 10 in Unarmed Combat
  6934 | D:7      | Reached XP level 10. HP: 34/71 MP: 10/10
  7281 | D:8      | Found a burning altar of Makhleb.
  7959 | D:8      | Reached skill level 11 in Unarmed Combat
  8334 | D:9      | Found a radiant altar of Vehumet.
  8629 | D:9      | Noticed Pikel
  8638 | D:9      | Killed Pikel
  8741 | D:9      | Noticed Joseph
  8854 | D:9      | Killed Joseph
  8854 | D:9      | Reached XP level 11. HP: 13/78 MP: 4/11
  8957 | D:9      | Gained mutation: You are vulnerable to magic. [Ru sacrifice]
  8957 | D:9      | Reached ** piety under Ru
  9270 | D:9      | Noticed a two-headed hydra
  9296 | D:9      | Killed a two-headed hydra
  9296 | D:9      | Reached skill level 12 in Unarmed Combat
  9540 | D:10     | Entered Level 10 of the Dungeon
  9734 | D:10     | Noticed Erolcha
  9747 | D:10     | Paralysed by Erolcha for 5 turns
  9751 | D:10     | HP: 3/80 [Erolcha/enchanted giant spiked club (13)]
  9755 | D:10     | Paralysed by Erolcha for 6 turns
  9759 | D:10     | Slain by Erolcha

Vault maps used:
D:1:      dpeg_arrival_stone_temple_mockup, st_stairs_3, hangedman_decor_push,
          hangedman_decor_peaks_small
D:2:      lemuel_coloured_pillars_altar, led_sif_pool, uniq_iyjb
D:3:      grunt_dithmenos_smoke_and_mirrors, minmay_misc_feat_columns
D:4:      kennysheep_mini_moat, old_standard_altar, lemuel_crystal_altar,
          first_bread
D:6:      lemuel_doored_altar
D:7:      amethyst_overflow_temple_binary, grunt_pakellas_mercury,
          minmay_temple_entry_glass, serial_shops, nicolae_shop_crystal,
          uniq_duvessa
D:8:      basic_altar, serial_shops, shop
D:9:      vehumet_statue, hangedman_ranch, uniq_pikel, uniq_joseph
D:10:     lair_0_dummy, kennysheep_another_room, uniq_erolcha
Temple:   chambers_temple_10

Action                   |  1- 3 |  4- 6 |  7- 9 | 10-12 || total
-------------------------+-------+-------+-------+-------++-------
Melee: Unarmed           |   131 |   143 |   503 |   339 ||  1116
 Fire: Blowgun           |       |    18 |     6 |    52 ||    76
Throw: Stone             |    33 |    20 |    24 |     9 ||    86
Invok: Sacrifice Essence |       |       |     1 |     1 ||     2
 Abil: Breathe Fire      |       |       |       |     3 ||     3
  Use: Scroll            |       |       |     9 |       ||     9
       Potion            |       |       |     2 |     3 ||     5
 Stab: Sleeping          |     5 |     7 |     7 |     7 ||    26
       Distracted        |     1 |       |       |       ||     1
       Invisible         |       |       |       |     1 ||     1
  Eat: Chunk             |     4 |     5 |    12 |    11 ||    32
